 Dungeon Crawl Stone Soup version 0.29.1-12-g30fa7ad0bf (webtiles) character file.

Game seed: 2345361598369877091

6737 LustLizard the Slicer (level 11, -12/83 HPs)
             Began as a Merfolk Gladiator on Jan 17, 2023.
             Was a Believer of Uskayaw.
             Mangled by a sun demon (14 damage)
             ... summoned by an orc high priest
             ... in a bailey.
             The game lasted 00:29:42 (13403 turns).

LustLizard the Slicer (Merfolk Gladiator)          Turns: 13403, Time: 00:29:43

Health: -12/83     AC: 11    Str: 15    XL:     11   Next: 4%
Magic:  3/14       EV: 13    Int:  8    God:    Uskayaw [**....]
Gold:   506        SH:  0    Dex: 19    Spells: 10/10 levels left

rFire   . . .      SeeInvis .   J - +4 rapier
rCold   + . .      Faith    .   (no shield)
rNeg    + . .      Spirit   .   q - +0 scale mail
rPois   .          Reflect  .   c - +0 helmet
rElec   .          Harm     .   L - +2 cloak
rCorr   .          Rampage  .   n - +0 pair of gloves
Will    .....                   (no boots)
Stlth   ++........              s - amulet of magic regeneration
HPRegen 0.23/turn               K - ring of positive energy
MPRegen 0.54/turn               p - ring of protection from cold

@: no status effects
A: (nimble swimmer 2), mertail
a: Renounce Religion, Stomp, Line Pass


You were in a bailey.
You worshipped Uskayaw.
Uskayaw was noncommittal.
You visited 2 branches of the dungeon, and saw 11 of its levels.
You also visited: Bailey.

You collected 542 gold pieces.
You spent 36 gold pieces at shops.

Inventory:

Hand Weapons
 k - a +1 short sword of electrocution
 F - a +2 short sword of speed
 J - a +4 rapier (weapon)
Missiles
 d - 7 throwing nets
 e - a javelin
 j - 37 stones
 x - 27 poisoned darts (quivered)
 C - a curare-tipped dart
 I - 5 silver javelins
 M - 7 boomerangs
Armour
 c - a +0 helmet (worn)
 n - a +0 pair of gloves (worn)
 q - a +0 scale mail (worn)
 A - a +0 cloak
 L - a +2 cloak (worn)
Jewellery
 p - a ring of protection from cold (right hand)
 s - an amulet of magic regeneration (around neck)
 K - a ring of positive energy (left hand)
Wands
 v - a wand of light (2)
 y - a wand of flame (30)
 D - a wand of polymorph (9)
Scrolls
 g - 2 scrolls of amnesia
 l - 2 scrolls of blinking {unknown}
 m - a scroll of magic mapping {unknown}
 o - 2 scrolls of torment {unknown}
 t - 6 scrolls of teleportation
 z - 2 scrolls of noise {unknown}
 G - a scroll of enchant weapon
Potions
 b - a potion of haste
 f - a potion of heal wounds
 h - 3 potions of berserk rage
 i - 4 potions of curing
 r - a potion of ambrosia
 u - 3 potions of might
 w - 2 potions of attraction
 B - 2 potions of lignification
 E - 4 potions of mutation
 H - 3 potions of magic
Miscellaneous
 a - a phial of floods


   Skills:
 + Level 6.6 Fighting
 * Level 13.7 Short Blades
 - Level 2.0 Throwing
 + Level 8.2 Dodging
 + Level 6.8 Stealth
 + Level 4.7 Invocations
 + Level 5.2 Evocations


You had 10 spell levels left.
You didn't know any spells.
Your spell library contained the following spells:

 Spells                   Type           Power      Damage    Failure   Level
 Ensorcelled Hibernation  Hex/Ice        0%         N/A       95%         2
 Passwall                 Tmut/Erth      0%         N/A       95%         2
 Scorch                   Fire           0%         2d5       95%         2
 Sublimation of Blood     Necr           0%         N/A       95%         2
 Gell's Gravitas          Tloc           0%         N/A       99%         3
 Swiftness                Air            0%         N/A       99%         3
 Teleport Other           Tloc           0%         N/A       99%         3
 Tukima's Dance           Hex            0%         N/A       99%         3
 Flame Wave               Conj/Fire      0%         2d4       100%        4
 Passage of Golubria      Tloc           0%         N/A       100%        4
 Petrify                  Tmut/Erth      0%         N/A       100%        4
 Irradiate                Conj/Tmut      0%         3d11      100%        5
 Yara's Violent Unravell  Hex/Tmut       0%         3d3       100%        5
 Dispersal                Tloc           0%         N/A       100%        6
 Summon Cactus Giant      Summ           0%         N/A       100%        6


Dungeon Overview and Level Annotations

Branches:
Dungeon (10/15)            Temple (1/1) D:5            Lair (0/5) D:9
 Bailey (1/1)
    Orc: D:9-12

Altars:
Elyvilon
Gozag
Hepliaklqana
Kikubaaqudgha
Makhleb
Nemelex Xobeh
Okawaru
Qazlal
Sif Muna
Trog
Uskayaw
Vehumet
Wu Jian
Xom
The Shining One

Shops:
D:5 ?   D:7 (   D:10 =


Innate Abilities, Weirdness & Mutations

((You are very nimble when in or above water. (Stealth+, EV+, Speed+++)))
Your lower body shifts to a powerful aquatic tail in water.


Message History

The gnoll is heavily wounded.
The hellwing closely misses you. The hellwing hits you.
The gnoll hits you with a +0 hand axe.
The orc high priest utters an invocation to Beogh.
The electric eel shoots out a bolt of lightning at you!
The bolt of electricity misses the sixfirhy.
The bolt of electricity hits you!
You stomp with the beat, sending a shockwave through the revellers around you!
The sixfirhy is heavily wounded.
The hellwing is heavily wounded.
The orc high priest is almost dead.
The gnoll is almost dead.
The sixfirhy disappears in a puff of smoke!
The gnoll hits you with a +0 hand axe.
The orc high priest hits you but does no damage.
The hellwing hits you but does no damage.
The hellwing misses you.
You stomp with the beat, sending a shockwave through the revellers around you!
The hellwing is severely wounded.
The orc high priest is almost dead.
You kill the gnoll!
The orc high priest barely misses you. The hellwing hits you!
The hellwing hits you but does no damage.
You don't have enough magic at the moment.
Unknown command.
You hit the orc high priest but do no damage.
The orc high priest is almost dead.
The sun demon hits you but does no damage.
You hit the orc high priest.
The orc high priest is almost dead.
The orc high priest hits you with a +0 broad axe!
* * * LOW HITPOINT WARNING * * *
The hellwing hits you.
* * * LOW HITPOINT WARNING * * *
The hellwing hits you.
* * * LOW HITPOINT WARNING * * *
You closely miss the orc high priest.
The orc high priest is almost dead.
The sun demon hits you!
* * * LOW HITPOINT WARNING * * *
You are engulfed in flames!
You die...

##+## #..#.~≈≈≈≈≈ #...#
#..#.~≈≈≈†≈ #...#
#..#.~≈≈≈≈≈ #8.8#
#..#.~≈≈≈≈≈ #...#
..#.~≈≈≈≈≈
#8.8###+##)#'#≈≈≈≈≈
#...#...#..).#≈≈≈≈≈ #?
#.4.#...#...)#≈≈≈≈≈
.######@######..###≈≈≈≈≈
......)3o.......'.#≈≈≈≈≈
##~~~~~~4~~~~######≈≈≈≈≈
≈≈≈≈≈≈S≈≈≈≈≈≈≈≈≈≈ ≈≈≈≈≈
≈≈≈≈≈≈≈≈≈≈≈≈≈≈≈≈≈≈
≈≈≈≈≈≈≈≈≈≈≈≈≈≈≈≈≈≈≈
≈≈≈≈≈≈≈≈≈≈≈≈≈≈≈≈≈≈≈
≈≈≈≈≈≈≈≈≈≈≈≈≈≈≈≈≈≈≈
###################


You could see an orc high priest, a sun demon (summoned), a hellwing (summoned),
a rust devil (summoned) and an electric eel.

Vanquished Creatures
  Harold (D:9)
  A deep elf pyromancer (D:9)
  A freezing wraith (D:10)
  Sigmund (D:3)
  2 wyverns (D:8)
  5 vampire mosquitoes
  Menkaure (D:4)
  2 acid dragons
  3 water moccasins
  7 orc warriors
  A centaur (D:8)
  3 ogres
  A phantom (D:6)
  4 kobold brigands
  A gnoll sergeant (D:8)
  2 bullfrogs
  3 scorpions
  2 necrophages
  9 wights
  4 killer bees (D:7)
  An electric eel (Bailey)
  2 hounds
  4 jellies
  10 orc priests
  4 iguanas
  8 orc wizards
  Natasha (thrice) (D:2)
  Ijyb (D:5)
  Robin (D:2)
  9 gnolls
  8 adders
  2 shadow imps (D:6)
  A white imp (D:6)
  2 ufetubi
  A worm (D:2)
  3 dart slugs
  36 orcs
  6 ball pythons
  3 endoplasms
  4 giant cockroaches
  18 goblins
  9 hobgoblins
  42 kobolds
  3 quokkas
  5 bats
  2 frilled lizards
  3 rats
245 creatures vanquished.

Vanquished Creatures (collateral kills)
  A kobold (D:6)
1 creature vanquished.

Vanquished Creatures (others)
  10 plants (D:6)
10 creatures vanquished.

Grand Total: 256 creatures vanquished

Notes
Turn   | Place    | Note
-------+----------+-------------------------------------------
     0 | D:1      | LustLizard the Merfolk Gladiator began the quest for the
                  | Orb.
     0 | D:1      | Reached XP level 1. HP: 16/16 MP: 1/1
    69 | D:1      | Reached XP level 2. HP: 6/23 MP: 2/2
    74 | D:1      | Reached skill level 4 in Short Blades
   376 | D:1      | Reached skill level 1 in Stealth
   597 | D:1      | Reached XP level 3. HP: 17/28 MP: 3/3
  1147 | D:2      | Noticed Robin
  1192 | D:2      | Reached XP level 4. HP: 27/34 MP: 4/4
  1207 | D:2      | Killed Robin
  1208 | D:2      | Reached skill level 5 in Short Blades
  1409 | D:2      | Found an opulent altar of Gozag.
  1438 | D:2      | Found a faded altar of an unknown god.
  1699 | D:2      | Reached XP level 5. HP: 41/41 MP: 5/5
  1900 | D:2      | Noticed Natasha
  1907 | D:2      | Killed Natasha
  1908 | D:2      | Reached skill level 6 in Short Blades
  2253 | D:2      | Noticed Natasha
  2263 | D:2      | Killed Natasha
  2388 | D:2      | Noticed Natasha
  2397 | D:2      | Killed Natasha
  2667 | D:3      | Noticed Sigmund
  2847 | D:3      | Noticed a kobold brigand
  2860 | D:3      | Killed a kobold brigand
  2861 | D:3      | Reached skill level 7 in Short Blades
  2861 | D:3      | Reached XP level 6. HP: 38/47 MP: 6/6
  3037 | D:3      | Killed Sigmund
  3038 | D:3      | Reached skill level 8 in Short Blades
  3038 | D:3      | Reached XP level 7. HP: 50/52 MP: 7/7
  3518 | D:4      | Reached skill level 9 in Short Blades
  3571 | D:4      | Noticed Menkaure
  3577 | D:4      | Killed Menkaure
  4060 | D:5      | Entered Level 5 of the Dungeon
  4094 | D:5      | Noticed Ijyb
  4107 | D:5      | Killed Ijyb
  4116 | D:5      | Reached skill level 10 in Short Blades
  4594 | D:5      | Reached XP level 8. HP: 58/58 MP: 8/8
  4619 | D:5      | Found a staircase to the Ecumenical Temple.
  4626 | Temple   | Entered the Ecumenical Temple
  4650 | Temple   | Became a worshipper of Uskayaw the Reveller
  4705 | D:5      | Reached * piety under Uskayaw
  4886 | D:5      | Reached ** piety under Uskayaw
  5005 | D:5      | Reached skill level 1 in Evocations
  5016 | D:5      | Reached *** piety under Uskayaw
  5112 | D:5      | Found Jylumek's Magic Scroll Boutique.
  5117 | D:5      | Bought a scroll of teleportation for 36 gold pieces
  5755 | D:6      | Reached skill level 11 in Short Blades
  5868 | D:6      | Reached skill level 5 in Dodging
  6241 | D:6      | Found a sparkling altar of Nemelex Xobeh.
  6759 | D:5      | Reached XP level 9. HP: 9/65 MP: 0/9
  7444 | D:6      | Reached **** piety under Uskayaw
  7855 | D:7      | Found an iron altar of Okawaru.
  7980 | D:7      | Reached skill level 1 in Invocations
  8277 | D:7      | Found Moleoh's Antique Weapon Emporium.
  8357 | D:7      | Reached skill level 12 in Short Blades
  8368 | D:7      | Reached skill level 5 in Fighting
  8843 | D:7      | Reached skill level 5 in Stealth
  9869 | D:8      | Reached XP level 10. HP: 59/74 MP: 12/12
 11430 | D:8      | Found a bloodstained altar of Trog.
 11473 | D:9      | Found an opulent altar of Gozag.
 11572 | D:9      | Noticed a deep elf pyromancer
 11585 | D:9      | Killed a deep elf pyromancer
 11586 | D:9      | Reached skill level 13 in Short Blades
 11712 | D:9      | Found a staircase to the Lair.
 11716 | D:9      | Noticed Harold
 11729 | D:9      | Killed Harold
 12846 | D:10     | Entered Level 10 of the Dungeon
 12879 | D:10     | Found Eschyem's Jewellery Shoppe.
 12936 | D:10     | Reached skill level 5 in Evocations
 13221 | D:10     | Found a flagged portal.
 13237 | Bailey   | Entered a bailey
 13271 | Bailey   | Reached XP level 11. HP: 83/83 MP: 14/14
 13347 | Bailey   | Noticed an orc high priest
 13394 | Bailey   | Noticed a sixfirhy
 13399 | Bailey   | Noticed a sun demon
 13403 | Bailey   | HP: 2/83 [sun demon[an orc high priest] (14)]
 13403 | Bailey   | Mangled by a sun demon

Illustrated notes

Levels and vault maps discovered:
D:1:      lightli_arrival_noodles, layout_rooms, minmay_quantized
D:2:      layout_basic, hellmonk_ecumenical_altar_leap_of_faith, basic_altar,
          uniq_natasha, uniq_robin
D:3:      cheibrodos_thug_alley, layout_rooms, uniq_sigmund
D:4:      wander_river, layout_rooms, serial_curves, eino_curves_02,
          eino_curves_04, uniq_menkaure
D:5:      layout_loops_cross, minmay_temple_entry_statues_pillars, serial_shops,
          shop, chequers_serial_rivers_micro_b, uniq_ijyb
D:6:      kennysheep_kobold_camp, layout_basic,
          mainiacjoe_overflow_cross_hatched, minmay_misc_feat_encased,
          minmay_fountain_box
D:7:      layout_loops_ring, kennysheep_okawaru_gauntlet, serial_shops,
          nicolae_diamond_shop
D:8:      lemuel_ice_spiral_2, layout_basic, mainiacjoe_overflow_alcove_4
D:9:      layout_basic, grunt_gozag_breadcrumbs, lair_entry_dummy, uniq_harold
D:10:     layout_basic, serial_shops, nicolae_stop_n_shop_2, enter_bailey_4,
          minmay_radiant
Temple:   hc_temple_tempest_star
Bailey:   bailey_axe_of_yendor_kennysheep, bailey

Skill      XL: |  1  2  3  4  5  6  7  8  9 10 |
---------------+-------------------------------+-----
Short Blades   | 4 5 7 8 10 11 12 13 | 13.7
Stealth        | 1 2 3 5 6 |  6.8
Fighting       | 3 4 5 6 |  6.6
Evocations     | 2 3 5 |  5.2
Dodging        | 5 6 8 |  8.2
Invocations    | 3 4 |  4.7
Throwing       | |  2.0

Action                   |  1- 3 |  4- 6 |  7- 9 | 10-12 || total
-------------------------+-------+-------+-------+-------++-------
Melee: Rapier            |    31 |       |    68 |   234 ||   333
       Short sword       |    79 |   125 |   522 |       ||   726
       Punch             |     2 |       |     8 |     4 ||    14
       Tailslap          |       |       |       |     3 ||     3
Throw: Stone             |       |       |    76 |    15 ||    91
       Dart              |       |       |    11 |     2 ||    13
       Javelin           |       |       |     2 |       ||     2
Invok: Stomp             |       |       |     9 |     5 ||    14
       Line Pass         |       |       |    11 |    11 ||    22
Evoke: Wand              |       |     1 |       |       ||     1
  Use: Scroll            |       |       |    11 |     2 ||    13
       Potion            |       |       |     1 |       ||     1
 Stab: Sleeping          |     4 |       |     2 |     5 ||    11
       Invisible         |       |     1 |       |       ||     1
       Confused          |       |       |     9 |     5 ||    14
       Paralysed         |       |       |     7 |     6 ||    13
Armor: Leather armour    |    18 |       |       |       ||    18
       Scale mail        |    20 |    48 |    86 |    42 ||   196
       Skin              |       |       |     8 |       ||     8
Dodge: Dodged            |    57 |    60 |   146 |    69 ||   332
